 Dungeon Crawl Stone Soup version 0.24.0-28-g17ded55e90 (webtiles) character file.

Game seed: 17387069203140279913, levelgen mode: deterministic

881 Nattfarinn the Vexing (level 7, -2/36 HPs)
             Began as a Deep Elf Conjurer on Nov 12, 2019.
             Killed by divine providence
             ... invoked by an orc priest
              (16 damage)
             ... on level 5 of the Dungeon.
             The game lasted 00:12:53 (4802 turns).

Nattfarinn the Vexing (Deep Elf Conjurer)           Turns: 4802, Time: 00:12:54

Health: -2/36      AC:  4    Str:  5    XL:     7   Next: 75%
Magic:  11/19      EV: 14    Int: 22    God:
Gold:   346        SH:  4    Dex: 15    Spells: 9/20 levels left

rFire    . . .     SeeInvis .   (no weapon)
rCold    . . .     Gourm    .   (no shield)
rNeg     . . .     Faith    .   a - +0 robe
rPois    .         Spirit   .   (no helmet)
rElec    .         Reflect  +   (no cloak)
rCorr    +         Harm     .   v - +0 pair of gloves
MR       .....                  h - +0 pair of boots
Stlth    ++........             m - +4 amulet of reflection
HPRegen  0.12/turn              w - ring of resist corrosion
MPRegen  0.16/turn              (no ring)

@: no status effects
A: no striking features
a: no special abilities


You were on level 5 of the Dungeon.
You were not hungry.

You visited 1 branch of the dungeon, and saw 5 of its levels.

You collected 346 gold pieces.

Inventory:

Armour
 a - a +0 robe (worn)
 h - a +0 pair of boots (worn)
 v - a +0 pair of gloves (worn)
Jewellery
 m - a +4 amulet of reflection (around neck)
 w - a ring of resist corrosion (left hand)
Scrolls
 b - 3 scrolls of magic mapping
 g - a scroll of remove curse
 j - a scroll of enchant armour {unknown}
 k - a scroll of enchant weapon {unknown}
 q - a scroll of fog {unknown}
 u - 2 scrolls of identify {unknown}
Potions
 d - 2 potions of flight {unknown}
 e - 2 potions of curing
 f - 2 potions of lignification
 i - a potion of ambrosia {unknown}
 l - a potion of resistance {unknown}
 n - a potion of agility {unknown}
 o - 2 potions of heal wounds {unknown}
 p - 3 potions of haste
 s - a potion of berserk rage {unknown}
 t - 2 potions of mutation {unknown}
Comestibles
 c - 4 rations
 r - 5 chunks of flesh


   Skills:
 - Level 3.7 Dodging
 - Level 2.4 Stealth
 + Level 7.0 Spellcasting
 - Level 5.8 Conjurations
 * Level 7.6 Hexes


You had 9 spell levels left.
You knew the following spells:

 Your Spells              Type           Power        Failure   Level  Hunger
a - Magic Dart            Conj           ####         1%          1    None
b - Searing Ray           Conj           ####..       1%          2    None
c - Iskenderun's Mystic   Conj           ####....     8%          4    ###....
d - Fulminant Prism       Conj/Hex       #####.....   4%          4    ###....

Your spell library contained the following spells:

 Spells                   Type           Power        Failure   Level  Hunger
 Dazzling Spray           Conj/Hex       #####.       1%          3    None
 Force Lance              Conj/Tloc      ###.....     24%         4    ###....


Dungeon Overview and Level Annotations

Branches:
Dungeon (5/15)
 Temple: D:4-7

Altars:
Wu Jian
Yredelemnul


Message History

The magic dart hits the orc.
You kill the orc!
Casting: Magic Dart (safe; 1% risk of failure)
Confirm with . or Enter, or press ? or * to list all spells.
Aiming: Magic Dart (safe; 1% risk of failure)
Press: ? - help, Shift-Dir - straight line, f - orc
Aim: an orc, wielding a +0 dagger of protection and wearing a +0 leather armour The magic dart hits the orc but does no damage.
The orc priest invokes the aid of Beogh against you.
Beogh smites you!
Casting: Magic Dart (safe; 1% risk of failure)
Confirm with . or Enter, or press ? or * to list all spells.
Aiming: Magic Dart (safe; 1% risk of failure)
Press: ? - help, Shift-Dir - straight line, f/p - orc
Aim: an orc, wielding a +0 dagger of protection and wearing a +0 leather armour The magic dart hits the orc.
The orc is moderately wounded.
The orc priest invokes the aid of Beogh against you.
Beogh smites you!
You die...

#...........
............
............. o....
..... ######.#....
....# ##....).......
.....
##..%.o.......## #..
#..............# ###
#...@..........# ####
#..........)...###...
#..............##..##
#...............#.###
##...................
##.............)..##
#######.......####.
####............
######..........#####


You could see an orc priest and an orc.

Vanquished Creatures
  A centaur (D:5)
  A bullfrog (D:4)
  A scorpion (D:5)
  A bullfrog zombie (D:5)
  A crimson imp (D:5)
  2 hounds
  A jelly (D:5)
  5 orc wizards
  2 iguanas
  4 worker ants (D:4)
  A worker ant zombie (D:5)
  Robin (D:4)
  8 gnolls (D:2)
  3 adders (D:3)
  2 oozes (D:1)
  A worm (D:2)
  3 dart slugs
  2 leopard geckos
  8 orcs
  A ball python (D:1)
  7 bats
  3 giant cockroaches
  14 goblins
  11 hobgoblins
  10 jackals
  2 quokkas (D:3)
  4 frilled lizards
  2 kobolds
  9 rats
111 creatures vanquished.

Vanquished Creatures (others)
  5 fulminant prisms
5 creatures vanquished.

Grand Total: 116 creatures vanquished

Notes
Turn   | Place    | Note
-------+----------+-------------------------------------------
     0 | D:1      | Nattfarinn the Deep Elf Conjurer began the quest for the
                  | Orb.
     0 | D:1      | Reached XP level 1. HP: 10/10 MP: 6/6
   156 | D:1      | Reached XP level 2. HP: 15/15 MP: 6/8
   536 | D:1      | Reached skill level 5 in Conjurations
   665 | D:1      | Reached XP level 3. HP: 19/19 MP: 5/10
  1245 | D:2      | Reached XP level 4. HP: 24/24 MP: 5/11
  1825 | D:2      | Reached XP level 5. HP: 26/28 MP: 5/13
  1905 | D:2      | Learned a level 2 spell: Searing Ray
  1976 | D:2      | Learned a level 4 spell: Iskenderun's Mystic Blast
  1981 | D:2      | Learned a level 4 spell: Fulminant Prism
  2065 | D:3      | Reached skill level 1 in Hexes
  2581 | D:4      | Found an ornate altar of the Wu Jian Council.
  2610 | D:4      | Found a basalt altar of Yredelemnul.
  2621 | D:4      | Reached skill level 5 in Spellcasting
  2726 | D:4      | Noticed Robin
  2731 | D:4      | Killed Robin
  2756 | D:4      | Reached XP level 6. HP: 21/32 MP: 6/15
  3516 | D:4      | You fall into a shaft and drop 1 floor!
  3516 | D:5      | Entered Level 5 of the Dungeon
  3524 | D:5      | Reached skill level 5 in Hexes
  3524 | D:5      | Reached XP level 7. HP: 21/36 MP: 2/18
  4802 | D:5      | Killed from afar by an orc priest

Levels and vault maps discovered:
D:1:      doesnt_arrival_eight_statues, layout_rooms,
          hangedman_decor_peaks_small
D:2:      wander_river, layout_loops_cross
D:3:      layout_rooms, first_ration, minmay_close_crescents
D:4:      layout_basic, nicolae_overflow_crystal_walls,
          yredelemnul_altar_generic, uniq_robin
D:5:      layout_rooms, minmay_fountain_box

Skill      XL: |  1  2  3  4  5  6  7 |
---------------+----------------------+-----
Conjurations   | 5 |  5.8
Dodging        | 3 |  3.7
Spellcasting   | 4 5 6 7 |  7.0
Hexes          | 3 5 7 |  7.6
Stealth        | |  2.4

Action                   |  1- 3 |  4- 6 |  7- 9 || total
-------------------------+-------+-------+-------++-------
Melee: Unarmed           |    12 |       |     1 ||    13
 Cast: Magic Dart        |    72 |   139 |    84 ||   295
       Fulminant Prism   |       |     3 |     2 ||     5
       Searing Ray       |       |     1 |       ||     1
  Use: Potion            |     1 |       |     1 ||     2
       Scroll            |       |     1 |     4 ||     5
  Eat: Chunk             |     1 |     7 |     1 ||     9
       Ration            |       |       |     1 ||     1
Armor: Robe              |     4 |     5 |     4 ||    13
       Skin              |     4 |       |       ||     4
Dodge: Dodged            |    30 |    25 |    26 ||    81
Block: Other             |       |     5 |     8 ||    13
